 Dungeon Crawl Stone Soup version 0.24.1-8-ga250c9d538 (webtiles) character file.

Game seed: 8548258476963224259, levelgen mode: deterministic

2474 lepoulpe303 the Firebug (level 9, 0/48 HPs)
             Began as a Gargoyle Fire Elementalist on May 2, 2020.
             Was an Initiate of Vehumet.
             Slain by a wyvern (12 damage)
             ... on level 7 of the Dungeon on May 3, 2020.
             The game lasted 00:46:47 (9608 turns).

lepoulpe303 the Firebug (GrFE)                      Turns: 9608, Time: 00:46:47

Health: 0/48       AC: 11    Str: 13    XL:     9   Next: 51%
Magic:  5/17       EV: 12    Int: 18    God:    Vehumet [......]
Gold:   332        SH:  3    Dex: 10    Spells: 6/19 levels left

rFire    . . .     SeeInvis .   b - +2 rapier (protect)
rCold    + . .     Gourm    .   x - +0 buckler
rNeg     + . .     Faith    .   s - +0 robe
rPois    ∞         Spirit   .   g - +0 helmet
rElec    +         Reflect  .   (no cloak)
rCorr    .         Harm     .   z - +0 pair of gloves
MR       .....                  l - +0 pair of boots
Stlth    +++.......             (no amulet)
HPRegen  0.16/turn              I - ring of protection from cold
MPRegen  0.15/turn              (no ring)

@: no status effects
A: negative energy resistance 1, electricity resistance, unbreathing,
petrification resistance, rot immunity, AC +6
a: Renounce Religion


You were on level 7 of the Dungeon.
You worshipped Vehumet.
Vehumet was noncommittal.
You were hungry.

You visited 2 branches of the dungeon, and saw 9 of its levels.

You collected 332 gold pieces.

Inventory:

Hand Weapons
 a - a +1 short sword of freezing
 b - a +2 rapier of protection (weapon)
Armour
 g - a +0 helmet (worn)
 l - a +0 pair of boots (worn)
 s - a +0 robe (worn)
 v - the +5 shield of Exclusion {MR+ Slay+3, unknown}
   (You found it on level 5 of the Dungeon)

   It affects your accuracy and damage with ranged weapons and melee attacks
   (+3).
   It affects your resistance to hostile enchantments.
 x - a +0 buckler (worn)
 z - a +0 pair of gloves (worn)
Jewellery
 y - the ring of Rateote {*Drain rPois EV+2 Int+7, unknown}
   (You found it on level 7 of the Dungeon)

   [ring of evasion]

   It affects your evasion (+2).
   It affects your intelligence (+7).
   It protects you from poison.
   It causes draining when unequipped.
 I - a ring of protection from cold (left hand)
Wands
 o - a wand of polymorph (5)
Scrolls
 d - 3 scrolls of fear {unknown}
 h - a scroll of fog {unknown}
 i - 2 scrolls of identify {unknown}
 q - 2 scrolls of magic mapping {unknown}
 t - 7 scrolls of teleportation
 w - 9 scrolls of remove curse
Potions
 c - a potion of agility {unknown}
 f - 3 potions of lignification {unknown}
 j - 2 potions of ambrosia {unknown}
 k - 4 potions of curing {unknown}
 m - 4 potions of berserk rage {unknown}
 n - a potion of cancellation {unknown}
 p - a potion of flight {unknown}
 r - a potion of heal wounds {unknown}
 u - a potion of mutation {unknown}
Comestibles
 e - 11 rations


   Skills:
 - Level 2.0 Fighting
 + Level 3.2 Short Blades
 + Level 3.7 Dodging
 + Level 5.2 Stealth
 + Level 1.2 Shields
 * Level 5.6 Spellcasting
 * Level 6.3 Conjurations
 * Level 6.5 Fire Magic


You had 6 spell levels left.
You knew the following spells:

 Your Spells              Type           Power        Failure   Level  Hunger
a - Flame Tongue          Conj/Fire      ####.        1%          1    None
b - Inner Flame           Hex/Fire       ###.....     14%         3    ##.....
c - Conjure Flame         Conj/Fire      ####....     3%          3    ##.....
s - Sticky Flame          Conj/Fire      ####....     12%         4    ####...
x - Throw Flame           Conj/Fire      ####..       1%          2    None

Your spell library contained the following spells:

 Spells                   Type           Power        Failure   Level  Hunger
 Fireball                 Conj/Fire      ####......   34%         5    #####..
 Bolt of Magma            Conj/Fire/Erth ###.......   63%         5    #####..
 Iskenderun's Battlesphe  Conj/Chrm      ###.....     78%         5    #####..
 Venom Bolt               Conj/Pois      ###.......   78%         5    #####..
 Iron Shot                Conj/Erth      ###.......   100%        6    #######
 Orb of Destruction       Conj           ####......   100%        7    #######
 Spellforged Servitor     Conj/Summ      ###.......   100%        7    #######


Dungeon Overview and Level Annotations

Branches:
Dungeon (8/15)             Temple (1/1) D:6
   Lair: D:8-11

Altars:
Ashenzari
Cheibriados
Dithmenos
Hepliaklqana
Kikubaaqudgha
Makhleb
Nemelex Xobeh
Okawaru
Qazlal
Ru
Sif Muna
Trog
Uskayaw
Vehumet
Wu Jian
Xom
Yredelemnul
Zin
The Shining One
Lugonu

Shops:
D:6 (


Innate Abilities, Weirdness & Mutations

You are resistant to torment.
Your stone body is resilient. (AC +6)
You are immune to poison.
You resist negative energy. (rN+)
You are resistant to electric shocks. (rElec)
You can survive without breathing.
You are immune to petrification.
You are immune to rotting.


Message History

The wyvern closely misses you.
You hit the wyvern.
Your weapon exudes an aura of protection.
The wyvern bites you.
* * * LOW HITPOINT WARNING * * *
You closely miss the wyvern.
The wyvern bites you but does no damage. x2
You barely miss the wyvern.
The wyvern bites you but does no damage.
The wyvern completely misses you.
You barely miss the wyvern.
The wyvern bites you but does no damage.
Aim: a wyvern (moderately wounded, inner flame)
The puff of flame hits the wyvern!
The wyvern barely misses you. x2
You now have 7/17 mp.
Aim: a wyvern (heavily wounded, inner flame)
The puff of flame hits the wyvern.
* * * LOW MAGIC WARNING * * *
The wyvern bites you!
You die...

##.###.#..#####...####.#
#.#.# ..........#
##....[...)# #.#.#
.####..#.####.....######
#.#.# .# #..#.###......###
##.#.# .#
#...............######....#
.#
##.#.###..................#
.#
#......>...#.....####..>##
.#
###........#.....#####.##
### ######..l@...........#
..# #..##.....#######
#.######## #..##.....#
#........# #..####.###
########.# #..####.# #.#
#....##.# #.# ##.#.##.# ###
#.# #.#.##.# ..######.#
#.#.##.#


You could see a wyvern (inner flame).

Levels and vault maps discovered:
D:1:      dpeg_arrival_connections, layout_loops_ring
D:2:      layout_basic, bloody_makhleb, nicolae_overflow_crystal_walls,
          nemelex_altar_shiori, lemuel_coloured_pillars_altar,
          minmay_tetromino_l2
D:3:      layout_rooms, lemuel_doored_altar, tso_metal_star, first_ration,
          minmay_door_square, trog_book
D:4:      layout_rooms, nicolae_qazlal_general_emergency, zin_angel,
          overflow_temple_1_default, minmay_misc_feat_ornament,
          cheibrodos_ashenzari_chains, uniq_grinder, uniq_robin
D:5:      layout_basic, minmay_chambers_of_fives
D:6:      layout_basic, dancing_weapons_uskayaw, old_standard_altar,
          minmay_temple_entry_glassed_door, serial_shops,
          nicolae_shop_statue_plus
D:7:      layout_loops_ring, okawaru_metal_pillars_3, uniq_menkaure
D:8:      layout_loops_cross, lemuel_crystal_altar, dpeg_lair_monsters,
          uniq_harold, uniq_erica
Temple:   corrupted_temple

Notes
Turn   | Place    | Note
-------+----------+-------------------------------------------
     0 | D:1      | lepoulpe303 the Gargoyle Fire Elementalist began the quest
                  | for the Orb.
     0 | D:1      | Reached XP level 1. HP: 10/10 MP: 3/3
    67 | D:1      | Identified a +0 short sword
   179 | D:1      | Identified a +0 club
   391 | D:1      | HP: 2/10 [hobgoblin (4)]
   710 | D:1      | Identified a +0 club
   716 | D:1      | Reached XP level 2. HP: 11/15 MP: 1/5
   804 | D:1      | Identified a +0 club
  1081 | D:1      | Learned a level 2 spell: Throw Flame
  1117 | D:2      | Found a burning altar of Makhleb.
  1118 | D:2      | Identified a +0 club
  1198 | D:2      | Reached XP level 3. HP: 19/19 MP: 6/6
  1203 | D:2      | Learned a level 3 spell: Conjure Flame
  1226 | D:2      | Found a shadowy altar of Dithmenos.
  1237 | D:2      | Identified a +0 pair of boots (You found it on level 2 of
                  | the Dungeon)
  1377 | D:2      | Identified a +0 spear
  1378 | D:2      | Identified a +0 whip
  1388 | D:2      | Reached skill level 2 in Conjurations
  1410 | D:2      | Reached XP level 4. HP: 22/24 MP: 0/7
  1496 | D:2      | Found an ornate altar of the Wu Jian Council.
  1515 | D:2      | Identified a +0 whip
  1537 | D:2      | HP: 4/24 [worm (7)]
  2234 | D:2      | Identified a +0 dagger
  2280 | D:2      | Found a sparkling altar of Nemelex Xobeh.
  2469 | D:3      | Found a glowing golden altar of the Shining One.
  2471 | D:3      | Identified a +0 dagger
  2471 | D:3      | Identified a +0 scale mail
  2479 | D:3      | Reached skill level 2 in Dodging
  2594 | D:3      | Identified an uncursed ring of flight
  2668 | D:3      | Found an ancient bone altar of Kikubaaqudgha.
  2668 | D:3      | Identified a +0 club
  2722 | D:3      | Identified a +0 club
  2742 | D:3      | Identified a +0 club
  3098 | D:3      | Identified 8 scrolls of remove curse
  3099 | D:3      | Identified a +1 short sword of freezing (You found it on
                  | level 3 of the Dungeon)
  3148 | D:3      | Found a bloodstained altar of Trog.
  3240 | D:4      | Identified a +0 giant club
  3240 | D:4      | Noticed an ogre
  3255 | D:4      | Killed an ogre
  3255 | D:4      | Reached skill level 3 in Stealth
  3255 | D:4      | Reached skill level 3 in Spellcasting
  3255 | D:4      | Reached skill level 4 in Fire Magic
  3255 | D:4      | Reached XP level 5. HP: 28/28 MP: 0/9
  3260 | D:4      | Learned a level 3 spell: Inner Flame
  3319 | D:4      | Found a shimmering blue altar of Sif Muna.
  3321 | D:4      | Identified a +0 dagger
  3321 | D:4      | Identified a +0 robe
  3322 | D:4      | Identified a +0 dagger
  3337 | D:4      | Reached skill level 3 in Conjurations
  3407 | D:4      | Identified a +0 hand axe
  3426 | D:4      | HP: 7/28 [orc priest/+0 dagger (2)]
  3428 | D:4      | Reached XP level 6. HP: 9/33 MP: 4/10
  3674 | D:4      | Identified a +0 giant club
  3712 | D:4      | HP: 3/33 [ogre/+0 giant club (19)]
  3737 | D:4      | Reached skill level 1 in Fighting
  3737 | D:4      | Reached skill level 1 in Short Blades
  4007 | D:4      | Noticed Grinder
  4211 | D:4      | Identified a +0 ring mail
  4389 | D:4      | Found a stormy altar of Qazlal.
  4399 | D:4      | Identified a +0 club
  4423 | D:4      | Killed Grinder
  4423 | D:4      | Reached XP level 7. HP: 39/39 MP: 0/12
  4545 | D:4      | Reached skill level 4 in Conjurations
  4551 | D:4      | Identified a cursed +0 robe
  4551 | D:4      | Identified a +0 club
  4551 | D:4      | Identified a +0 dagger
  4553 | D:4      | Identified a +0 club
  4553 | D:4      | Identified a +0 club
  4553 | D:4      | Identified a +0 dagger
  4554 | D:4      | Identified a +0 dagger
  4554 | D:4      | Identified a +0 trident
  4554 | D:4      | Identified a +0 animal skin
  4554 | D:4      | Identified a +0 helmet
  4554 | D:4      | Noticed Robin
  4585 | D:4      | HP: 9/39 [goblin/+0 club[Robin] (1)]
  4896 | D:4      | Found a shattered altar of Ashenzari.
  4975 | D:4      | Identified a +0 long sword of holy wrath
  4975 | D:4      | Noticed an angel
  4976 | D:4      | Found a glowing silver altar of Zin.
  5267 | D:4      | Killed Robin
  5521 | D:5      | Entered Level 5 of the Dungeon
  5524 | D:5      | Identified a +0 dagger
  5524 | D:5      | Identified a +0 robe
  5524 | D:5      | Identified a +0 dagger
  5524 | D:5      | Identified a +0 robe
  5527 | D:5      | Identified a +0 dagger
  5527 | D:5      | Identified a +0 robe
  5635 | D:5      | Reached skill level 2 in Fighting
  5645 | D:5      | Reached skill level 4 in Spellcasting
  5871 | D:5      | Learned a level 4 spell: Sticky Flame
  5983 | D:5      | Identified a +0 spear
  5984 | D:5      | Identified a +0 whip
  5984 | D:5      | Identified a +0 robe
  6008 | D:5      | Reached skill level 5 in Fire Magic
  6107 | D:5      | Identified a +0 halberd of chopping
  6182 | D:5      | Identified a cursed +0 club
  6188 | D:5      | Reached XP level 8. HP: 44/44 MP: 10/14
  6448 | D:5      | Reached skill level 4 in Stealth
  6505 | D:5      | Reached skill level 2 in Short Blades
  6557 | D:5      | Reached skill level 3 in Dodging
  6561 | D:5      | Identified a ring of protection from cold (You found it on
                  | level 3 of the Dungeon)
  6879 | D:5      | Reached skill level 5 in Conjurations
  6961 | D:5      | You fall into a shaft and drop 3 floors!
  7016 | D:8      | Found a hazy altar of Hepliaklqana.
  7280 | D:7      | Noticed Menkaure
  7282 | D:7      | Killed Menkaure
  7306 | D:7      | Reached skill level 5 in Spellcasting
  7459 | D:7      | Identified a +0 club
  7460 | D:7      | Identified a +0 dagger
  7460 | D:7      | Identified a +0 robe
  7463 | D:7      | Identified a +0 dagger
  7463 | D:7      | Identified a +0 scale mail
  7474 | D:7      | Reached XP level 9. HP: 48/48 MP: 8/16
  7474 | D:7      | Identified a +0 flail
  7474 | D:7      | Identified a +0 ring mail
  7491 | D:7      | Identified a +0 shortbow
  7551 | D:7      | Reached skill level 6 in Fire Magic
  7724 | D:7      | Identified a +0 short sword
  7724 | D:7      | Identified a +0 ring mail
  7725 | D:7      | Identified a +0 hand axe
  7725 | D:7      | Identified a +0 war axe
  7737 | D:7      | Identified a +0 dagger
  7737 | D:7      | Identified a +0 robe
  7982 | D:7      | Found an iron altar of Okawaru.
  8006 | D:6      | Identified a +0 flail
  8006 | D:6      | Identified a +0 whip
  8006 | D:6      | Identified a +0 club
  8057 | D:6      | Identified a +0 short sword
  8057 | D:6      | Identified a +0 dagger
  8058 | D:6      | Identified a +0 mace
  8058 | D:6      | Identified a +0 plate armour
  8119 | D:5      | Got a dazzling shield
  8120 | D:5      | Identified 6 scrolls of teleportation
  8397 | D:6      | Reached skill level 5 in Stealth
  8397 | D:6      | Reached skill level 6 in Conjurations
  8580 | D:6      | Reached skill level 3 in Short Blades
  8642 | D:6      | Found Peaquoss's Weapon Emporium.
  8723 | D:6      | Identified a +2 rapier of protection (You found it on level
                  | 6 of the Dungeon)
  8816 | D:6      | Found a staircase to the Ecumenical Temple.
  8822 | Temple   | Entered the Ecumenical Temple
  8833 | Temple   | Became a worshipper of Vehumet
  8864 | D:6      | Identified a +0 dagger
  8864 | D:6      | Noticed a +0 dagger
  8891 | D:6      | Identified a +0 hand axe
  8891 | D:6      | Noticed a +0 hand axe
  8892 | D:6      | Found a hide-covered altar of Uskayaw.
  8949 | D:6      | Found a shimmering altar of Xom.
  9220 | D:6      | Reached skill level 1 in Shields
  9474 | D:7      | Got a scintillating copper ring
  9527 | D:7      | Identified a +0 pair of gloves (You found it on level 7 of
                  | the Dungeon)
  9532 | D:7      | Identified a +0 buckler (You found it on level 5 of the
                  | Dungeon)
  9566 | D:8      | Noticed a death yak
  9567 | D:8      | Noticed a death yak
  9582 | D:8      | Noticed a death yak
  9600 | D:7      | HP: 12/48 [wyvern (4)]
  9608 | D:7      | Slain by a wyvern

Table legend:
 A = Turns spent in this place as a percentage of turns spent in the entire game.
 B = Non-inter-level travel turns spent in this place as a percentage of non-inter-level travel turns spent in the entire game.
 C = Inter-level travel turns spent in this place as a percentage of turns spent in this place.
 D = Turns resting spent in this place as a percentage of non-inter-level travel turns spent in this place.
 E = Turns spent auto-exploring this place as a percentage of non-inter-level travel turns spent in this place.
 F = Non-inter-level travel turns spent in this place divided by the number of levels of this place that you've seen.
                   A       B       C       D       E      F
               +-------+-------+-------+-------+-------+----------------------
         Total | 100.0 | 100.0 |   4.4 |  42.4 |  34.4 | 1020.6
       Dungeon |  99.8 |  99.9 |   4.3 |  42.5 |  34.4 | 1146.5
        Temple |   0.2 |   0.1 |  43.5 |   0.0 |  53.8 |  13.0
               +-------+-------+-------+-------+-------+----------------------

Table legend:
 A = Kills in this place as a percentage of kills in entire the game.
 B = Kills by you in this place as a percentage of kills by you in the entire game.
 C = Kills by friends in this place as a percentage of kills by friends in the entire game.
 D = Other kills in this place as a percentage of other kills in the entire game.
 E = Experience gained in this place as a percentage of experience gained in the entire game.
 F = Experience gained in this place divided by the number of levels of this place that you have seen.
                   A       B       C       D       E      F
               +-------+-------+-------+-------+-------+----------------------
         Total | 100.0 | 100.0 |   N/A | 100.0 | 100.0 | 392.8
       Dungeon | 100.0 | 100.0 |   N/A | 100.0 | 100.0 | 441.9
               +-------+-------+-------+-------+-------+----------------------

Skill      XL: |  1  2  3  4  5  6  7  8  9 |
---------------+----------------------------+-----
Conjurations   | 2 3 4 5 6 |  6.3
Dodging        | 2 3 |  3.7
Stealth        | 3 4 5 |  5.2
Spellcasting   | 3 4 5 |  5.6
Fire Magic     | 4 5 6 |  6.5
Fighting       | 1 2 |  2.0
Short Blades   | 1 2 3 |  3.2
Shields        | 1 |  1.2

Action                   |  1- 3 |  4- 6 |  7- 9 || total
-------------------------+-------+-------+-------++-------
Melee: Short sword       |    82 |    53 |   178 ||   313
       Unarmed           |     1 |       |       ||     1
       Rapier            |       |       |    54 ||    54
 Cast: Flame Tongue      |    17 |    72 |   164 ||   253
       Throw Flame       |     2 |    19 |    35 ||    56
       Conjure Flame     |       |     6 |    12 ||    18
       Inner Flame       |       |       |     3 ||     3
       Sticky Flame      |       |       |     1 ||     1
  Use: Scroll            |       |     1 |     1 ||     2
 Stab: Sleeping          |     6 |     1 |     6 ||    13
  Eat: Chunk             |     2 |    11 |    14 ||    27
       Ration            |       |       |     1 ||     1
Armor: Robe              |    54 |    27 |   141 ||   222
Dodge: Dodged            |    69 |    58 |   200 ||   327
Block: Buckler           |       |       |     2 ||     2

Vanquished Creatures
  Grinder (D:4)
  Menkaure (D:7)
  An orc warrior (D:6)
  A black bear (D:8)
  2 ice beasts
  2 sky beasts (D:5)
  A necrophage (D:7)
  2 ogres (D:4)
  A centaur (D:7)
  2 bullfrogs (D:7)
  A wyvern skeleton (D:7)
  A scorpion (D:5)
  A jelly (D:5)
  A howler monkey (D:5)
  A bullfrog zombie (D:6)
  2 crimson imps
  A quasit (D:4)
  A centaur zombie (D:6)
  A hound (D:4)
  5 orc wizards
  A bullfrog skeleton (D:8)
  3 orc priests
  A gnoll shaman (D:5)
  2 iguanas
  4 worker ants
  2 hound zombies
  A hound skeleton (D:4)
  Robin (D:4)
  A worker ant zombie (D:8)
  6 adders
  10 gnolls
  A shadow imp (D:5)
  6 worms
  2 dart slugs
  3 leopard geckos
  9 orcs
  5 bats
  5 giant cockroaches
  12 hobgoblins
  5 jackals
  3 quokkas
  A ball python (D:2)
  7 frilled lizards
  13 goblins
  A jackal skeleton (D:7)
  5 kobolds
  A leopard gecko skeleton (D:5)
  A quokka skeleton (D:7)
  5 rats
146 creatures vanquished.

Vanquished Creatures (others)
  An orc wizard (D:5)
1 creature vanquished.

Grand Total: 147 creatures vanquished
